 Dungeon Crawl Stone Soup version 0.27-a0-836-gfc908b8576 (webtiles) character file.

Game seed: 4895160296252255425

1003 robertstho the Magician (level 8, -4/56 HPs)
             Began as a Djinni Fire Elementalist on Mar 31, 2021.
             Was an Initiate of Gozag.
             Slain by a gnoll sergeant
             ... wielding a +0 spear of freezing
              (6 damage)
             ... on level 6 of the Dungeon.
             The game lasted 00:10:28 (8347 turns).

robertstho the Magician (Djinni Fire Elementalist)  Turns: 8347, Time: 00:10:28

Health: -4/56      AC:  4    Str:  7    XL:     8   Next: 20%
Gold:   149        EV: 13    Int: 20    God:    Gozag SH:  0 Dex: 13

rFire    + + .     SeeInvis .   n - +4 flail
rCold    x . .     Faith    .   (no shield)
rNeg     . . .     Spirit   .   a - +0 robe
rPois    ∞         Reflect  .   m - +2 hat
rElec    .         Harm     .   (no cloak)
rCorr    .         Rampage  .   (no gloves)
Will     .....                  (boots unavailable)
Stlth    ++........             (no amulet)
HPRegen  0.18/turn              (no ring)
MPRegen  0.00/turn              (no ring)

@: gold aura, flying
A: fire resistance 2, cold vulnerability 1, float, innate caster, hp casting,
extra vitality 1
a: Renounce Religion, Potion Petition, Call Merchant, Bribe Branch


You were on level 6 of the Dungeon.
You worshipped Gozag.
Gozag was aware of your devotion.
You visited 2 branches of the dungeon, and saw 7 of its levels.

You collected 350 gold pieces.
You spent 126 gold pieces at shops.
You paid 75 gold pieces to Gozag.

Inventory:

Hand Weapons
 d - a +0 dagger
 n - a +4 flail (weapon)
Armour
 a - a +0 robe (worn)
 c - the +4 scale mail of Reason {*Slow Str+8 Int+4 Stlth+}
   (You found it on level 5 of the Dungeon)

   It affects your strength (+8).
   It affects your intelligence (+4).
   It may slow you when you take damage.
   It makes you more stealthy.
 m - a +2 hat (worn)
Wands
 g - a wand of paralysis (12)
Scrolls
 b - 3 scrolls of teleportation
 f - 2 scrolls of enchant weapon {unknown}
 j - a scroll of enchant armour {unknown}
 l - 2 scrolls of vulnerability {unknown}
 p - a scroll of fog
 q - a scroll of immolation
 r - a scroll of holy word {unknown}
 t - a scroll of torment {unknown}
 u - a scroll of magic mapping
Potions
 e - 2 potions of mutation
 h - 3 potions of cancellation
 i - a potion of might
 k - a potion of brilliance {unknown}
 o - a potion of ambrosia
 s - a potion of attraction


   Skills:
 * Level 3.2 Fighting
 + Level 2.2 Maces & Flails
 + Level 3.4 Dodging
 + Level 3.0 Stealth
 * Level 6.4 Spellcasting


You couldn't memorise any spells.
You knew the following spells:

 Your Spells              Type           Power      Damage    Failure   Level
a - Foxfire               Conj/Fire      100%       2x1d9     1%          1
b - Conjure Flame         Conj/Fire      32%        6-21      2%          3
c - Inner Flame           Hex/Fire       32%        N/A       2%          3
d - Sticky Flame          Conj/Fire      32%        2d5       7%          4
e - Fireball              Conj/Fire      16%        3d8       21%         5
f - Apportation           Tloc           64%        N/A       1%          1
g - Ensorcelled Hibernat  Hex/Ice        64%        N/A       1%          2
h - Tukima's Dance        Hex            32%        N/A       2%          3
Your spell library was empty.

Dungeon Overview and Level Annotations

Branches:
Dungeon (6/15)             Temple (1/1) D:4

Altars:
Ashenzari
Cheibriados
Dithmenos
Elyvilon
Fedhas
Gozag
Kikubaaqudgha
Makhleb
Nemelex Xobeh
Qazlal
Ru
Sif Muna
Uskayaw
Wu Jian
Xom
Yredelemnul
Zin
Beogh

Shops:
D:4 ?

Annotations:
D:3 3 runed translucent doors Need to come back to clear out, robertstho's ghost, amateur DjVM


Innate Abilities, Weirdness & Mutations

You are immune to poison.
Your flesh is very heat resistant. (rF++)
You are vulnerable to cold. (rC-)
You float through the air rather than walking.
You learn spells naturally, not from books.
Your magical power is your life essence.
You have superior vitality. (+4 HP)


Message History

The gnoll sergeant freezes you.
The foxfire hits the gnoll.
You kill the gnoll!
The foxfire hits the gnoll sergeant.
The gnoll sergeant is lightly wounded.
The gnoll sergeant barely misses you.
Unknown command.
Casting: Foxfire (safe; 1% risk of failure)
Confirm with . or Enter, or press ? or * to list all spells.
You conjure some foxfire!
The gnoll sergeant hits you from afar with a +0 spear of freezing.
The gnoll sergeant freezes you.
The foxfire hits the gnoll sergeant!
The gnoll sergeant is heavily wounded.
The foxfire hits the gnoll sergeant but does no damage.
The gnoll sergeant is heavily wounded.
The gnoll sergeant misses you.
Unknown command.
Casting: Foxfire (safe; 1% risk of failure)
Confirm with . or Enter, or press ? or * to list all spells.
You conjure some foxfire!
The gnoll sergeant hits you from afar with a +0 spear of freezing.
The gnoll sergeant freezes you.
The foxfire hits the gnoll sergeant but does no damage.
The gnoll sergeant is moderately wounded.
The foxfire hits the gnoll sergeant.
The gnoll sergeant is heavily wounded.
The gnoll sergeant hits you from afar with a +0 spear of freezing!
* * * LOW HITPOINT WARNING * * *
The gnoll sergeant freezes you.
* * * LOW HITPOINT WARNING * * *
Casting: Foxfire (safe; 1% risk of failure)
Confirm with . or Enter, or press ? or * to list all spells.
You conjure some foxfire!
* * * LOW HITPOINT WARNING * * *
The gnoll sergeant hits you from afar with a +0 spear of freezing!
* * * LOW HITPOINT WARNING * * *
The gnoll sergeant freezes you.
You die...
Your body crumbles into a pile of gold.

### #.. ####.### #...)..
#######.##.######
...gggv@v.......#####..#
.#####.§##.####.........
#..##.# #..####..#
.g..##.####..####...
###.###........<..(# #.
######..###### ..
........####### #.
#####..........
#.#.#######


You could see a gnoll sergeant (ally target) and 3 gnolls.

Vanquished Creatures
  A sky beast (D:5)
  A black bear (D:5)
  A kobold brigand (D:5)
  3 scorpions (D:5)
  A water moccasin zombie (D:5)
  A hound (D:5)
  2 orc priests (D:5)
  2 centaur skeletons
  A bullfrog skeleton (D:5)
  3 iguanas
  An orc wizard (D:5)
  2 hound skeletons (D:5)
  5 gnolls
  4 adders
  2 white imps (D:6)
  3 worms
  3 dart slugs
  9 orcs
  3 bats
  3 endoplasms
  2 giant cockroaches (D:1)
  13 goblins
  6 hobgoblins
  14 jackals
  2 quokkas
  10 ball pythons
  2 frilled lizards
  11 kobolds
  13 rats
124 creatures vanquished.

Vanquished Creatures (others)
  363 foxfires
363 creatures vanquished.

Grand Total: 487 creatures vanquished

Notes
Turn   | Place    | Note
-------+----------+-------------------------------------------
     0 | D:1      | robertstho the Djinni Fire Elementalist began the quest for
                  | the Orb.
     0 | D:1      | Reached XP level 1. HP: 15/15 MP: 0/0
   360 | D:1      | Reached skill level 3 in Spellcasting
   360 | D:1      | Reached XP level 2. HP: 21/22 MP: 0/0
   688 | D:1      | Reached XP level 3. HP: 24/26 MP: 0/0
   688 | D:1      | Learned a level 1 spell: Apportation
   702 | D:1      | Reached skill level 1 in Fighting
  1631 | D:2      | Found a blossoming altar of Fedhas.
  1917 | D:2      | Reached XP level 4. HP: 17/32 MP: 0/0
  2158 | D:2      | Found a shadowy altar of Dithmenos.
  2536 | D:3      | Reached skill level 4 in Spellcasting
  3035 | D:3      | Found a runed translucent gate.
  3093 | D:3      | Found an ornate altar of the Wu Jian Council.
  3103 | D:3      | Reached XP level 5. HP: 34/37 MP: 0/0
  3103 | D:3      | Learned a level 2 spell: Ensorcelled Hibernation
  3623 | D:3      | HP: 1/37 [bullfrog (3)]
  3956 | D:3      | Found a sacrificial altar of Ru.
  4777 | D:3      | Found a runed translucent gate.
  4777 | D:3      | Found a runed translucent gate.
  4780 | D:3      | Noticed robertstho's ghost (amateur DjVM)
  5156 | D:4      | Found Coevapine's Magic Scroll Shoppe.
  5170 | D:4      | Bought a scroll of fog for 22 gold pieces
  5170 | D:4      | Bought a scroll of teleportation for 33 gold pieces
  5170 | D:4      | Bought a scroll of noise for 11 gold pieces
  5170 | D:4      | Bought a scroll of identify for 22 gold pieces
  5170 | D:4      | Bought a scroll of immolation for 38 gold pieces
  5500 | D:4      | Found a staircase to the Ecumenical Temple.
  5511 | Temple   | Entered the Ecumenical Temple
  5616 | D:5      | Entered Level 5 of the Dungeon
  5680 | D:5      | Reached XP level 6. HP: 41/43 MP: 0/0
  5726 | D:5      | Reached skill level 5 in Spellcasting
  6312 | D:5      | Noticed a sky beast
  6322 | D:5      | Killed a sky beast
  6323 | D:5      | Reached skill level 1 in Maces & Flails
  6323 | D:5      | Reached XP level 7. HP: 29/49 MP: 0/0
  6323 | D:5      | Learned a level 3 spell: Tukima's Dance
  6462 | D:5      | Found a glowing silver altar of Zin.
  7059 | Temple   | Became a worshipper of Gozag Ym Sagoz the Greedy
  7203 | D:5      | Identified the +4 scale mail of Reason {*Slow Str+8 Int+4
                  | Stlth+}
  7475 | D:5      | Found a hide-covered altar of Uskayaw.
  7700 | D:5      | Reached skill level 6 in Spellcasting
  7885 | D:5      | Reached XP level 8. HP: 54/56 MP: 0/0
  8347 | D:6      | HP: 2/56 [gnoll sergeant/+0 spear of freezing (9)]
  8347 | D:6      | Slain by a gnoll sergeant

Illustrated notes

Levels and vault maps discovered:
D:1:      wander_arrival_desolate, layout_basic, minmay_misc_feat_iff
D:2:      layout_basic, fedhas_altar_4, grunt_dithmenos_smoke_and_mirrors
D:3:      minmay_inner_zag, layout_basic, nicolae_wu_jian_wuxing_cycle,
          biasface_ghost_orc_armoury, nicolae_ru_sacrificial_ziggurat
D:4:      layout_rooms, temple_green, serial_corexii_hall,
          corexii_hall_statues_i, corexii_hall_statues_x,
          corexii_hall_statues_x, serial_shops, shop_scrolls
D:5:      layout_basic, lemuel_coloured_pillars_altar,
          nicolae_uskayaw_dance_studio
D:6:      layout_loops_ring, minmay_manual_maat
Temple:   minmay_temple_bridge_abc

Skill      XL: |  1  2  3  4  5  6  7  8 |
---------------+-------------------------+-----
Spellcasting   | 3 4 5 6 |  6.4
Fighting       | 1 2 3 |  3.2
Stealth        | 2 3 |  3.0
Maces & Flails | 1 2 |  2.2
Dodging        | 3 |  3.4

Action                   |  1- 3 |  4- 6 |  7- 9 || total
-------------------------+-------+-------+-------++-------
Melee: Flail             |       |    28 |     6 ||    34
 Cast: Foxfire           |    82 |    95 |    45 ||   222
       Sticky Flame      |       |     8 |     6 ||    14
       Fireball          |       |       |     2 ||     2
  Use: Scroll            |       |     7 |     1 ||     8
       Potion            |       |     2 |     1 ||     3
 Stab: Sleeping          |       |     1 |     1 ||     2
Armor: Robe              |     5 |    29 |     5 ||    39
Dodge: Dodged            |    13 |    61 |    19 ||    93

Table legend: (Time is in decaauts)
 A = Elapsed time spent in this place.
 B = Non-inter-level travel time spent in this place.
 C = Inter-level travel time spent in this place.
 D = Time resting spent in this place.
 E = Time spent auto-exploring this place.
 F = Levels seen in this place.
 G = Mean time per level.
                   A        B        C        D        E       F      G
               +--------+--------+--------+--------+--------+-----+--------+
         Total |   8324 |   7983 |    341 |    915 |   6138 |   7 | 1189.1 |
       Dungeon |   8206 |   7929 |    277 |    915 |   6096 |   6 | 1367.7 |
        Temple |    118 |     55 |     63 |      0 |     42 |   1 |  118.0 |
               +--------+--------+--------+--------+--------+-----+--------+

Top non-repeatable levels by time:
     D:3: 2299 daAuts
     D:5: 2279 daAuts
     D:1: 1404 daAuts
     D:2: 1103 daAuts
     D:4: 959 daAuts
     D:6: 159 daAuts
  Temple: 118 daAuts
